 Dungeon Crawl Stone Soup version 0.28.0-53-g5a82cb258f (webtiles) character file.

Game seed: 14743746856691463313

97 Peloso the Shield-Bearer (level 4, 0/40 HPs)
             Began as a Minotaur Fighter on July 18, 2022.
             Slain by a kobold brigand (3 damage)
             ... in a sewer.
             The game lasted 00:04:22 (2211 turns).

Peloso the Shield-Bearer (Minotaur Fighter)         Turns: 2211, Time: 00:04:23

Health: 0/40       AC:  4    Str: 21 (23) XL:     4   Next: 42%
Magic:  3/3        EV:  9    Int:  3 (5)  God:
Gold:   91         SH:  4    Dex:  9 (11) Spells: 3/3 levels left

rFire   . . .      SeeInvis .   a - +0 long sword
rCold   . . .      Faith    .   c - +0 buckler
rNeg    . . .      Spirit   .   b - +0 scale mail
rPois   .          Reflect  .   (helmet restricted)
rElec   .          Harm     .   (no cloak)
rCorr   .          Rampage  .   (no gloves)
Will    .....                   (no boots)
Stlth   ..........              (no amulet)
HPRegen 0.13/turn               (no ring)
MPRegen 0.08/turn               (no ring)

@: no status effects
A: horns 2, retaliatory headbutt, deformed body, deterioration 1, sense
surroundings 1, strong 1
a: no special abilities


You were in a sewer.
You visited 1 branch of the dungeon, and saw 3 of its levels.
You also visited: Sewer.

You collected 91 gold pieces.

Inventory:

Hand Weapons
 a - a +0 long sword (weapon)
Armour
 b - a +0 scale mail (worn)
 c - a +0 buckler (worn)
Wands
 j - a wand of paralysis (6)
Scrolls
 e - 2 scrolls of identify
 g - a scroll of enchant armour {unknown}
Potions
 d - a potion of might


   Skills:
 + Level 4.1 Fighting
 + Level 3.6 Long Blades
 + Level 4.2 Armour
 + Level 1.8 Dodging
 + Level 4.2 Shields


You had 3 spell levels left.
You didn't know any spells.
Your spell library was empty.

Dungeon Overview and Level Annotations

Branches:
Dungeon (3/15)              Sewer (1/1)

Altars:


Innate Abilities, Weirdness & Mutations

You have a pair of horns on your head.
You reflexively headbutt those who attack you in melee.
Armour fits poorly on your strangely shaped body.
Your body sometimes deteriorates upon taking damage.
You passively map a small area around you.
Your muscles are strong. (Str +2)


Message History

The kobold shoots a bolt.
The bolt closely misses you.
There is a large open door here.
Items here: ( ))) ÷.
You hit the kobold. You headbutt the kobold.
You kill the kobold!
The kobold brigand unwields a +0 hand crossbow.
The kobold brigand hits you.
* * * LOW HITPOINT WARNING * * *
You hit the kobold brigand.
The kobold brigand is lightly wounded.
The kobold unwields a +0 hand crossbow.
The kobold wields a +0 dagger.
You block the kobold's attack. The kobold brigand hits you.
* * * LOW HITPOINT WARNING * * *
Unknown command.
It was a potion of degeneration.
There was something very wrong with that liquid.
You feel weakened.
You feel dopey.
You feel clumsy. You block the kobold brigand's attack.
The kobold closely misses you. You furiously retaliate!
You headbutt the kobold!
You kill the kobold!
It was a potion of mutation.
You feel extremely strange.
You feel a strange attunement to the structure of the dungeons.
Your body twists and deforms.
You feel yourself wasting away.
You feel stronger. The kobold brigand hits you.
* * * LOW HITPOINT WARNING * * *
You completely miss the kobold brigand.
Your headbutt misses the kobold brigand.
The kobold brigand is lightly wounded.
The kobold brigand hits you but does no damage.
You barely miss the kobold brigand.
The kobold brigand is lightly wounded.
The kobold brigand hits you.
* * * LOW HITPOINT WARNING * * *
You closely miss the kobold brigand.
Your headbutt misses the kobold brigand.
The kobold brigand is lightly wounded.
The kobold brigand hits you but does no damage.
The kobold brigand hits you.
You die...

≈ ≈≈≈ ,
#################≈≈≈ *
#≈≈≈≈≈≈≈≈≈≈≈≈≈≈≈≈≈≈≈
#≈≈≈≈≈≈≈≈≈≈≈≈≈≈≈≈≈≈≈ ≈≈
#≈≈≈≈≈≈≈≈≈≈≈≈≈≈≈≈≈≈≈ ≈≈
###'########≈≈############
#...#....#.P≈≈≈≈.......PP≈
#.∩.#.∩.)'K.≈P≈≈.........≈
#.∩.#...)@)...............
#####...)#................
########..............
#.##.....####.. ##########
##. ## #


You could see a kobold brigand.

Vanquished Creatures
  3 worms
  7 bats
  8 endoplasms
  18 giant cockroaches
  5 goblins
  2 hobgoblins
  4 jackals (D:1)
  2 quokkas
  4 ball pythons
  2 frilled lizards (D:1)
  12 kobolds
  7 rats
74 creatures vanquished.

Notes
Turn   | Place    | Note
-------+----------+-------------------------------------------
     0 | D:1      | Peloso the Minotaur Fighter began the quest for the Orb.
     0 | D:1      | Reached XP level 1. HP: 19/19 MP: 0/0
   141 | D:1      | Reached XP level 2. HP: 27/27 MP: 1/1
   437 | D:1      | Found a faded altar of an unknown god.
   776 | D:1      | Reached XP level 3. HP: 33/33 MP: 2/2
  1206 | D:2      | Reached skill level 1 in Dodging
  1289 | D:2      | Identified the +10 spear of Gaonk {chaos, Int+2}
  1581 | D:3      | Identified the +5 dagger of Certain Death {freeze, rF- rN++
                  | Int+6}
  1738 | D:3      | Found a glowing drain.
  1741 | D:3      | Reached XP level 4. HP: 38/40 MP: 3/3
  1775 | Sewer    | Entered a sewer
  2155 | Sewer    | Noticed a kobold brigand
  2208 | Sewer    | Gained mutation: You passively map a small area around you.
                  | [potion of mutation]
  2208 | Sewer    | Gained mutation: Armour fits poorly on your strangely
                  | shaped body. [potion of mutation]
  2208 | Sewer    | Gained mutation: Your body sometimes deteriorates upon
                  | taking damage. [potion of mutation]
  2208 | Sewer    | Gained mutation: Your muscles are strong. (Str +2) [potion
                  | of mutation]
  2211 | Sewer    | Slain by a kobold brigand

Illustrated notes

Levels and vault maps discovered:
D:1:      roderic_crossed_star, layout_basic,
          shapermc_ecumenical_altar_acropolis
D:2:      minmay_roachtagon, layout_rooms
D:3:      layout_loops_ring, serial_shops, shop, portal_sewer_entry_a
Sewer:    kennysheep_pipe_town

Skill      XL: |  1  2  3 |
---------------+----------+-----
Shields        | 4 |  4.2
Long Blades    | 3 |  3.6
Fighting       | 4 |  4.1
Armour         | 4 |  4.2
Dodging        | 1 |  1.8

Action                   |  1- 3 |  4- 6 || total
-------------------------+-------+-------++-------
Melee: Long sword        |   125 |    48 ||   173
       Headbutt          |    11 |     6 ||    17
  Use: Scroll            |     3 |       ||     3
       Potion            |       |     2 ||     2
Armor: Scale mail        |   101 |    35 ||   136
Dodge: Dodged            |    83 |    43 ||   126
Block: Buckler           |    41 |    14 ||    55
